 Dungeon Crawl Stone Soup version 0.25-a0-85-g7617fd2bc2 (webtiles) character file.

Game seed: 15276493208965965047, levelgen mode: deterministic

970 MrRokkomies the Jinx (level 7, -7/46 HPs)
             Began as a Vampire Enchanter on Nov 8, 2019.
             Was an Initiate of Dithmenos.
             Mangled by a gnoll
             ... wielding a +0 halberd
              (18 damage)
             ... on level 5 of the Dungeon.
             The game lasted 00:09:23 (4211 turns).

MrRokkomies the Jinx (Vampire Enchanter)            Turns: 4211, Time: 00:09:23

Health: -7/46      AC:  4    Str:  7    XL:     7   Next: 94%
Magic:  2/10       EV: 12    Int: 20    God:    Dithmenos [......]
Gold:   258        SH:  3    Dex: 14    Spells: 1/10 levels left

rFire    . . .     SeeInvis +   a - +3 dagger (venom)
rCold    . . .     Gourm    .   p - +0 buckler
rNeg     . . .     Faith    .   b - +0 robe
rPois    .         Spirit   .   (no helmet)
rElec    .         Reflect  .   o - +1 cloak
rCorr    .         Harm     .   (no gloves)
MR       +....                  (no boots)
Stlth    ++++......             (no amulet)
HPRegen  0.35/turn              g - ring of protection from magic
MPRegen  0.12/turn              (no ring)

@: very slightly contaminated, regenerating quickly
A: no food, fangs 3, see invisible, unbreathing
a: Exsanguinate, Renounce Religion


You were on level 5 of the Dungeon.
You worshipped Dithmenos.
Dithmenos was noncommittal.
You were alive.

You visited 2 branches of the dungeon, and saw 6 of its levels.

You collected 258 gold pieces.

Inventory:

Hand Weapons
 a - a +3 dagger of venom (weapon)
Missiles
 d - 102 sling bullets
 e - 7 boomerangs (quivered)
 j - 17 poisoned darts
Armour
 b - a +0 robe (worn)
 o - a +1 cloak (worn)
 p - a +0 buckler (worn)
Jewellery
 g - a ring of protection from magic (left hand)
 n - an uncursed ring of flight
 x - an uncursed ring of fire
Scrolls
 c - a scroll of teleportation
 i - 3 scrolls of remove curse
 s - a scroll of enchant weapon
 t - a scroll of blinking {unknown}
 w - a scroll of random uselessness {unknown}
Potions
 f - 2 potions of magic
 h - a potion of haste
 k - 2 potions of flight {unknown}
 l - a potion of might {unknown}
 m - 3 potions of curing {unknown}
 q - a potion of resistance {unknown}
 r - a potion of ambrosia {unknown}
 u - a potion of heal wounds {unknown}
 v - a potion of mutation {unknown}


   Skills:
 * Level 6.3 Short Blades
 - Level 2.1 Dodging
 + Level 7.7 Stealth
 - Level 2.0 Spellcasting
 * Level 9.3 Hexes


You had one spell level left.
You knew the following spells:

 Your Spells              Type           Power        Failure   Level  Hunger
a - Corona                Hex            #####..      1%          1    N/A
b - Ensorcelled Hibernat  Hex/Ice        ###...       6%          2    N/A
c - Confuse               Hex            #####...     1%          3    N/A
d - Tukima's Dance        Hex            #####...     1%          3    N/A

Your spell library contained the following spells:

 Spells                   Type           Power        Failure   Level  Hunger
 Dazzling Spray           Conj/Hex       ###...       12%         3    N/A

Dungeon Overview and Level Annotations

Branches:
Dungeon (5/15)             Temple (1/1) D:4

Altars:
Cheibriados
Dithmenos
Elyvilon
Fedhas
Gozag
Hepliaklqana
Kikubaaqudgha
Makhleb
Nemelex Xobeh
Okawaru
Qazlal
Ru
Sif Muna
Trog
Vehumet
Wu Jian
Xom
Yredelemnul
Zin
The Shining One


Innate Abilities, Weirdness & Mutations

You do not eat.
Your natural rate of healing is unusually fast.
You have razor-sharp teeth.
You have supernaturally acute eyesight. (SInv)
You can survive without breathing.


Message History

The gnoll looks drowsy...
The helpless gnoll fails to defend itself.
You spit the gnoll like a pig!!!
You kill the gnoll!
Dithmenos accepts your kill. You block the gnoll's attack.
Casting: Ensorcelled Hibernation (safe; 6% risk of failure)
Confirm with . or Enter, or press ? or * to list all spells.
You don't have enough magic to cast that spell.
Unknown command.
A worker ant comes into view.
The worker ant twitches its antennae in your direction.
The gnoll hits you from afar with a +0 halberd!
* * * LOW HITPOINT WARNING * * *
The worker ant barely misses you. The worker ant misses you.
There is a stone staircase leading up here.
The worker ant closely misses you.
The gnoll hits you from afar with a +0 halberd!!
You die...

####### ## ####.)...# ##.#
#.#..##>.############
....##....###..##........##
...........##".#†.........#
........##.###.............
........ga@##)..#.....###.#
...........†).........## ##
..........#............##
..!.......##....#..##...#
.....#.#..##...##.......#
.....####.###..#..#.#..##
....# ..# ##......#.## ...
.## #....#..## ... .
...##.##..


You could see a worker ant and a gnoll.

Vanquished Creatures
  An orc warrior (D:2)
  A phantom (D:4)
  2 ogres
  A scorpion (D:4)
  A howler monkey (D:4)
  2 hounds
  A jelly (D:5)
  2 bullfrog skeletons
  An iguana (D:4)
  2 worker ants (D:4)
  A hound skeleton (D:4)
  6 gnolls
  5 adders
  2 oozes
  2 worms (D:3)
  2 dart slugs (D:2)
  5 leopard geckos
  4 orcs (D:3)
  6 bats
  4 giant cockroaches
  7 goblins
  10 hobgoblins
  12 jackals
  A quokka (D:2)
  3 ball pythons
  9 frilled lizards
  7 kobolds
  A quokka skeleton (D:3)
  7 rats
108 creatures vanquished.

Vanquished Creatures (collateral kills)
  An ogre (D:4)
1 creature vanquished.

Grand Total: 109 creatures vanquished

Notes
Turn   | Place    | Note
-------+----------+-------------------------------------------
     0 | D:1      | MrRokkomies the Vampire Enchanter began the quest for the
                  | Orb.
     0 | D:1      | Reached XP level 1. HP: 13/13 MP: 3/3
   221 | D:1      | Reached XP level 2. HP: 12/19 MP: 5/5
   225 | D:1      | Learned a level 2 spell: Ensorcelled Hibernation
   336 | D:1      | Reached skill level 5 in Hexes
   744 | D:2      | Reached XP level 3. HP: 24/24 MP: 6/6
   758 | D:2      | Learned a level 3 spell: Confuse
   789 | D:2      | Reached skill level 5 in Stealth
   852 | D:2      | Reached XP level 4. HP: 19/30 MP: 0/7
  1020 | D:2      | Found a transporter.
  1040 | D:2      | Found a sparkling altar of Nemelex Xobeh.
  1042 | D:2      | Found a stormy altar of Qazlal.
  1110 | D:2      | Found a sacrificial altar of Ru.
  1237 | D:2      | Noticed an orc warrior
  1239 | D:2      | Found a transporter.
  1444 | D:2      | Reached skill level 6 in Hexes
  1802 | D:2      | Killed an orc warrior
  1802 | D:2      | Reached XP level 5. HP: 23/35 MP: 1/8
  1929 | D:3      | Found a snail-covered altar of Cheibriados.
  2271 | D:3      | Reached skill level 7 in Hexes
  2307 | D:3      | Found a hazy altar of Hepliaklqana.
  2309 | D:3      | Found a shimmering blue altar of Sif Muna.
  2309 | D:3      | Found a glowing golden altar of the Shining One.
  2311 | D:3      | Found an ancient bone altar of Kikubaaqudgha.
  2311 | D:3      | Found a shimmering altar of Xom.
  2311 | D:3      | Found a shadowy altar of Dithmenos.
  2557 | D:4      | Reached XP level 6. HP: 33/41 MP: 9/9
  2613 | D:4      | Found a staircase to the Ecumenical Temple.
  2619 | Temple   | Entered the Ecumenical Temple
  2867 | Temple   | Became a worshipper of Dithmenos the Shadowed
  3120 | D:4      | Found a bloodstained altar of Trog.
  3521 | D:4      | Reached skill level 5 in Short Blades
  3521 | D:4      | Reached skill level 8 in Hexes
  3521 | D:4      | Reached XP level 7. HP: 14/46 MP: 6/10
  3616 | D:4      | Learned a level 3 spell: Tukima's Dance
  4102 | D:5      | Entered Level 5 of the Dungeon
  4119 | D:5      | Reached skill level 9 in Hexes
  4211 | D:5      | Mangled by a gnoll

Levels and vault maps discovered:
D:1:      eino_arrival_water_star, layout_loops_ring, hangedman_decor_opposing
D:2:      layout_basic, nicolae_overflow_crystal_walls,
          gammafunk_temple_overflow_arena
D:3:      layout_basic, doesnt_xom_only_xom, cheibriados_altar_1
D:4:      layout_loops_ring, lemuel_coloured_pillars_altar,
          minmay_temple_entry_hall, first_ration, minmay_distorted
D:5:      layout_cave_pools, eat_drink_and_be_merry_uskayaw, minmay_fountain_box
Temple:   minmay_temple_curvy_branch

Skill      XL: |  1  2  3  4  5  6  7 |
---------------+----------------------+-----
Hexes          | 5 6 7 8 9 |  9.3
Short Blades   | 2 4 5 6 |  6.3
Stealth        | 5 6 7 |  7.7
Dodging        | |  2.1
Spellcasting   | |  2.0

Action                   |  1- 3 |  4- 6 |  7- 9 || total
-------------------------+-------+-------+-------++-------
Melee: Dagger            |    78 |   194 |    62 ||   334
       Bite              |     6 |    13 |     8 ||    27
 Cast: Ensorcelled Hiber |     8 |     7 |     3 ||    18
       Confuse           |       |     8 |     4 ||    12
       Tukima's Dance    |       |       |     2 ||     2
  Use: Scroll            |     2 |     7 |       ||     9
       Potion            |       |     1 |       ||     1
 Stab: Sleeping          |    11 |    15 |     3 ||    29
       Confused          |       |       |     4 ||     4
Armor: Robe              |    19 |    37 |     5 ||    61
       Skin              |       |    22 |       ||    22
Dodge: Dodged            |    39 |    98 |    34 ||   171
Block: Buckler           |       |       |     3 ||     3

Table legend:
 A = Non-vault XP
 B = Vault XP
 C = Vault XP percentage of total XP
 D = Non-vault monster count
 E = Vault monster count
 F = Vault count percentage of total count
                 A         B        C        D         E       F
            +---------+---------+-------+---------+---------+-------
      Total |    1189 |     198 |  14.3 |     104 |       5 |   4.6
            +---------+---------+-------+---------+---------+-------
        D:1 |      32 |       0 |   0.0 |      14 |       0 |   0.0
        D:2 |     142 |     139 |  49.5 |      39 |       3 |   7.1
        D:3 |      64 |       0 |   0.0 |      29 |       0 |   0.0
        D:4 |     662 |      59 |   8.2 |      15 |       2 |  11.8
        D:5 |     289 |       0 |   0.0 |       7 |       0 |   0.0
            +---------+---------+-------+---------+---------+-------
